 Dungeon Crawl Stone Soup version 0.26-a0-712-ga5a9c9c9d0 (webtiles) character file.

Game seed: 4877095820441643253

205 Lanoc the Ruffian (level 5, -6/45 HPs)
             Began as a Minotaur Transmuter on Nov 11, 2020.
             Mangled by a gnoll
             ... wielding a +0 whip
              (10 damage)
             ... on level 3 of the Dungeon.
             The game lasted 00:03:25 (3329 turns).

Lanoc the Ruffian (Minotaur Transmuter)             Turns: 3329, Time: 00:03:26

Health: -6/45      AC:  2    Str: 20    XL:     5   Next: 52%
Magic:  3/6        EV: 13    Int:  7    God:
Gold:   148        SH:  0    Dex: 11    Spells: 3/6 levels left

rFire    . . .     SeeInvis .     - Unarmed
rCold    . . .     Faith    .   (no shield)
rNeg     . . .     Spirit   .   a - +0 robe
rPois    .         Reflect  .   (helmet currently unavailable)
rElec    .         Harm     .   (no cloak)
rCorr    .         Rampage  .   (no gloves)
MR       .....                  (boots currently unavailable)
Stlth    +.........             (no amulet)
HPRegen  0.15/turn              m - +6 ring of strength
MPRegen  0.10/turn              o - -4 ring of intelligence (curse)

@: appendages (expiring), wereblooded
A: retaliatory headbutt, horns 2, talons 2
a: End Transformation


You were on level 3 of the Dungeon.
You had grown temporary talons.
You visited 1 branch of the dungeon, and saw 3 of its levels.

You collected 148 gold pieces.

Inventory:

Armour
 a - a +0 robe (worn)
 n - a +1 pair of boots (melded)
Jewellery
 m - a +6 ring of strength (left hand)
 o - a cursed -4 ring of intelligence (right hand)
 s - a +6 ring of intelligence
Scrolls
 b - a scroll of amnesia {unknown}
 c - 5 scrolls of identify {unknown}
 d - 2 scrolls of fog {unknown}
 e - a scroll of remove curse {unknown}
 f - a scroll of enchant weapon {unknown}
 k - a scroll of immolation {unknown}
 l - a scroll of teleportation {unknown}
 q - a scroll of enchant armour {unknown}
Potions
 g - 3 potions of heal wounds {unknown}
 h - a potion of stabbing {unknown}
 i - a potion of ambrosia {unknown}
 j - a potion of resistance {unknown}
 p - a potion of magic {unknown}
 r - 2 potions of curing {unknown}


   Skills:
 + Level 3.0 Fighting
 + Level 3.3 Dodging
 * Level 5.1 Unarmed Combat
 - Level 1.3 Spellcasting
 + Level 2.5 Transmutations


You had 3 spell levels left.
You knew the following spells:

 Your Spells              Type           Power        Failure   Level
a - Beastly Appendage     Tmut           #.....       14%         1
b - Wereblood             Tmut           #.......     22%         2

Your spell library contained the following spells:

 Spells                   Type           Power        Failure   Level
 Spider Form              Tmut/Pois      #.........   58%         3
 Ice Form                 Ice/Tmut       #.......     94%         4
 Blade Hands              Tmut           #.........   99%         5


Dungeon Overview and Level Annotations

Branches:
Dungeon (3/15)

Altars:


Innate Abilities, Weirdness & Mutations

You reflexively headbutt those who attack you in melee.
You have a pair of horns on your head.
You have razor-sharp toenails.


Message History

The gnoll hits you with a +0 halberd of freezing.
The gnoll freezes you. The gnoll closely misses you.
You barely miss the gnoll. Your kick misses the gnoll.
The gnoll is heavily wounded.
The gnoll closely misses you. The gnoll completely misses you.
You furiously retaliate!
You headbutt the gnoll! You barely miss the gnoll.
You claw the gnoll, but do no damage.
You headbutt the gnoll, but do no damage.
The gnoll is almost dead.
The gnoll hits you but does no damage.
The gnoll hits you from afar with a +0 spear!
The gnoll completely misses you.
You hit the gnoll but do no damage. Your punch misses the gnoll.
The gnoll is almost dead.
The gnoll hits you with a +0 halberd of freezing!
* * * LOW HITPOINT WARNING * * *
The gnoll freezes you.
* * * LOW HITPOINT WARNING * * *
The gnoll hits you with a +0 whip!
You die...

.# ##.#### #.....#
#.....###
.........
####gg......
#...gg...# #.##@#
#.##.# #.##.#
#############.##.#
...........##.##.#
##########.##.##.#
#.##.##.#
#)##.##.#
#.##.##.#######


You could see 4 gnolls.

Vanquished Creatures
  An orc priest (D:3)
  A howler monkey skeleton (D:2)
  7 adders
  A worm (D:2)
  2 dart slugs
  3 leopard geckos
  7 orcs
  11 bats
  8 goblins
  12 hobgoblins
  7 jackals
  7 quokkas
  A ball python (D:2)
  3 frilled lizards
  8 kobolds
  3 rats (D:1)
82 creatures vanquished.

Notes
Turn   | Place    | Note
-------+----------+-------------------------------------------
     0 | D:1      | Lanoc the Minotaur Transmuter began the quest for the Orb.
     0 | D:1      | Reached XP level 1. HP: 16/16 MP: 1/1
   210 | D:1      | Reached XP level 2. HP: 20/23 MP: 3/3
  1174 | D:2      | Reached skill level 4 in Unarmed Combat
  1174 | D:2      | Reached XP level 3. HP: 27/29 MP: 2/4
  1178 | D:2      | Learned a level 2 spell: Wereblood
  1623 | D:2      | Reached XP level 4. HP: 32/37 MP: 1/5
  2960 | D:3      | Reached XP level 5. HP: 40/42 MP: 3/6
  3124 | D:3      | Reached skill level 5 in Unarmed Combat
  3329 | D:3      | Mangled by a gnoll

Illustrated notes

Levels and vault maps discovered:
D:1:      lightli_molten_gateway, layout_basic, minmay_parallelograms,
          wander_ebering_terrifying_dragon_lair
D:2:      layout_basic, minmay_misc_feat_room, grunt_ministairs_3
D:3:      layout_loops_ring, dk_noncrumbling_3

Skill      XL: |  1  2  3  4  5 |
---------------+----------------+-----
Fighting       | 2 3 |  3.0
Unarmed Combat | 4 5 |  5.1
Transmutations | 2 |  2.5
Dodging        | 3 |  3.3
Spellcasting   | |  1.3

Action                   |  1- 3 |  4- 6 || total
-------------------------+-------+-------++-------
Melee: Unarmed           |   102 |    87 ||   189
       Kick              |    11 |     7 ||    18
       Headbutt          |     6 |    14 ||    20
       Punch             |       |     1 ||     1
 Cast: Beastly Appendage |    16 |    15 ||    31
       Wereblood         |     3 |     5 ||     8
 Stab: Sleeping          |       |     1 ||     1
Armor: Robe              |    23 |    12 ||    35
Dodge: Dodged            |    55 |    61 ||   116

Table legend: (Time is in decaauts)
 A = Elapsed time spent in this place.
 B = Non-inter-level travel time spent in this place.
 C = Inter-level travel time spent in this place.
 D = Time resting spent in this place.
 E = Time spent auto-exploring this place.
 F = Levels seen in this place.
 G = Mean time per level.
                   A        B        C        D        E       F      G
               +--------+--------+--------+--------+--------+-----+--------+
         Total |   3313 |   3241 |     72 |      0 |   2789 |   3 | 1104.3 |
       Dungeon |   3313 |   3241 |     72 |      0 |   2789 |   3 | 1104.3 |
               +--------+--------+--------+--------+--------+-----+--------+

Top non-repeatable levels by time:
     D:2: 1217 daAuts
     D:1: 1161 daAuts
     D:3: 933 daAuts
